 Dungeon Crawl Stone Soup version 0.30-a0-972-gf3ab3527aa (webtiles) character file.

Game seed: 1480955822313368982

316 vishdafish the Conjurer (level 6, 35/42 HPs)
             Began as a Demonspawn Conjurer on Mar 31, 2023.
             Quit the game in an ossuary.
             The game lasted 00:08:00 (4137 turns).

vishdafish the Conjurer (Demonspawn Conjurer)       Turns: 4137, Time: 00:08:01

Health: 35/42      AC:  3    Str:  8    XL:     6   Next: 20%
Magic:  0/12       EV: 12    Int: 25    God:
Gold:   163        SH:  0    Dex:  9    Spells: 13/14 levels left

rFire   . . .      SeeInvis .    b - +0 dagger
rCold   + . .      Faith    .    (no shield)
rNeg    . . .      Spirit   .    a - +0 robe
rPois   .          Reflect  .    (helmet restricted)
rElec   .          Rampage  .    n - scarf of Summertime {harm, rC+ Int+4 Dex-2}
rCorr   +          Harm     + .  (no gloves)
Will    +....                    (no boots)
Stlth   ++                       (no amulet)
HPRegen 0.27/turn                c - ring of willpower
MPRegen 0.13/turn                o - ring of resist corrosion

@: no status effects
A: horns 1, rugged brown scales 1, demonic guardian 1
a: no special abilities


You were in an ossuary.
You visited 1 branch of the dungeon, and saw 4 of its levels.
You also visited: Ossuary.

You collected 189 gold pieces.
You spent 26 gold pieces at shops.

Inventory:

Hand Weapons
 b - a +0 dagger (weapon)
Armour
 a - a +0 robe (worn)
 f - a +2 buckler
 n - the scarf of Summertime (worn) {harm, rC+ Int+4 Dex-2}
   (You found it on level 2 of the Dungeon)

   Int:       It affects your intelligence (+4).
   Dex:       It affects your dexterity (-2).
   rC:        It protects you from cold.
Jewellery
 c - a ring of willpower (left hand)
 o - a ring of resist corrosion (right hand)
Wands
 g - a wand of polymorph (6)
 i - a wand of flame (19)
Scrolls
 d - a scroll of brand weapon
 l - a scroll of blinking {unknown}
 m - a scroll of magic mapping {unknown}
 p - 2 scrolls of identify
 q - a scroll of butterflies {unknown}
Potions
 e - 2 potions of curing
 h - 3 potions of degeneration
 j - a potion of mutation
 k - a potion of magic


   Skills:
 - Level 1.7 Dodging
 - Level 1.7 Stealth
 + Level 4.5 Spellcasting
 + Level 6.0 Conjurations


You had 13 spell levels left.
You knew the following spells:

 Your Spells              Type           Power      Damage    Failure   Level
a - Magic Dart            Conj           100%       1d8       1%          1

Your spell library contained the following spells:

 Spells                   Type           Power      Damage    Failure   Level
 Searing Ray              Conj           70%        2d7       1%          2
 Dazzling Flash           Conj/Hex       40%        N/A       8%          3
 Slow                     Hex            20%        N/A       9%          1
 Sublimation of Blood     Necr           5%         N/A       13%         2
 Wereblood                Tmut           5%         N/A       13%         2
 Confusing Touch          Hex            5%         N/A       26%         3
 Vampiric Draining        Necr           5%         2d6       26%         3
 Fulminant Prism          Conj/Hex       10%        3d9       26%         4
 Iskenderun's Mystic Bla  Conj/Tloc      20%        2d6       26%         4
 Summon Hydra             Summ           2%         N/A       100%        7


Dungeon Overview and Level Annotations

Branches:
Dungeon (4/15)            Ossuary (1/1)
 Temple: D:4-7

Altars:

Shops:
D:1 ?   D:2 :

Annotations:
D:4 3 runed translucent doors, Edmund; Grinder; Ijyb; gabibbone's ghost, novice MiHu


Innate Abilities, Weirdness & Mutations

You have a pair of small horns on your head.
You are partially covered in rugged brown scales. (AC +1, +3% HP)
A weak demonic guardian rushes to your aid.


Message History

The water moccasin zombie barely misses you.
The magic dart hits the water moccasin zombie.
The water moccasin zombie is heavily damaged.
The water moccasin zombie closely misses you.
The water moccasin zombie bites you.
The magic dart hits the water moccasin zombie.
The water moccasin zombie is severely damaged.
The water moccasin zombie bites you but does no damage.
The magic dart hits the water moccasin zombie.
The water moccasin zombie is almost destroyed.
The water moccasin zombie bites you.
The magic dart hits the water moccasin zombie!
You destroy the water moccasin zombie!
Your Conjurations skill increases to level 6!
You have reached level 6!
Your demonic ancestry asserts itself...
You feel the presence of a demonic guardian.
The magic dart hits the orc zombie.
The orc zombie is severely damaged.
The orc zombie hits you.
The magic dart hits the orc zombie.
You destroy the orc zombie!
The magic dart hits the adder zombie.
The adder zombie is moderately damaged.
The adder zombie barely misses you.
You are out of magic!
You are out of magic!
You are out of magic!
You are out of magic!
You are out of magic!
You are out of magic!
You are out of magic!
You are out of magic!
You are out of magic!
You are out of magic!
You are out of magic!
You are out of magic!
You are out of magic!
You are out of magic!
Are you sure you want to abandon this character and quit the game? (Confirm with "yes".)

#...#
#...#
###'#
#...#
#...#
#...#
#...#
######'##
#..ZZ@..#
#..Z#...#
+.. #...#
## #####


You could see an adder zombie, a hobgoblin zombie and a gnoll zombie.

Vanquished Creatures
  A water moccasin zombie (Ossuary)
  2 orc priests (D:4)
  Jessica (D:2)
  Robin (D:2)
  3 adders
  A shadow imp (D:3)
  4 worms (D:2)
  A dart slug (D:1)
  9 orcs
  6 ball pythons
  6 endoplasms
  4 giant cockroaches
  2 gnoll zombies (Ossuary)
  13 goblins
  12 hobgoblins
  2 jackals (D:2)
  10 kobolds
  5 quokkas
  10 bats
  6 frilled lizards
  A hobgoblin zombie (Ossuary)
  4 kobold zombies (Ossuary)
  3 orc zombies (Ossuary)
  4 rats
111 creatures vanquished.

Notes
Turn   | Place    | Note
-------+----------+-------------------------------------------
     0 | D:1      | vishdafish the Demonspawn Conjurer began the quest for the
                  | Orb.
     0 | D:1      | Reached XP level 1. HP: 13/13 MP: 3/3
   145 | D:1      | Gained mutation: You are partially covered in rugged brown
                  | scales. (AC +1, +3% HP) [demonic ancestry]
   145 | D:1      | Reached XP level 2. HP: 7/19 MP: 1/5
   735 | D:1      | Found Qeb Lyitume's Magic Scroll Shoppe.
   787 | D:1      | Bought a scroll of identify for 26 gold pieces
  1185 | D:2      | Noticed Jessica
  1189 | D:2      | Killed Jessica
  1190 | D:2      | Reached XP level 3. HP: 24/24 MP: 1/7
  1280 | D:2      | Found Kourihuz's Book Boutique.
  1691 | D:2      | Gained mutation: You have a pair of small horns on your
                  | head. [demonic ancestry]
  1691 | D:2      | Reached XP level 4. HP: 30/30 MP: 5/8
  1868 | D:2      | Noticed Robin
  1872 | D:2      | Reached skill level 5 in Conjurations
  1888 | D:2      | Killed Robin
  2046 | D:2      | Identified the scarf of Summertime {harm, rC+ Int+4 Dex-2}
  2771 | D:3      | Reached XP level 5. HP: 36/36 MP: 4/10
  3624 | D:4      | Noticed gabibbone's ghost (novice MiHu)
  3624 | D:4      | Found a runed translucent gate.
  3624 | D:4      | Found a runed translucent gate.
  3624 | D:4      | Found a runed translucent gate.
  3642 | D:4      | Noticed Edmund
  3783 | D:4      | Found a sand-covered staircase.
  3784 | D:4      | Noticed Ijyb
  3862 | D:4      | Noticed Grinder
  3950 | Ossuary  | Entered an ossuary
  4134 | Ossuary  | Reached skill level 6 in Conjurations
  4134 | Ossuary  | Gained mutation: A weak demonic guardian rushes to your
                  | aid. [demonic ancestry]
  4134 | Ossuary  | Reached XP level 6. HP: 36/42 MP: 3/12
  4137 | Ossuary  | Quit the game

Illustrated notes

Levels and vault maps discovered:
D:1:      dpeg_arrival_stonehenge_12_columns, layout_basic, serial_shops,
          nicolae_shop_trees, serial_bayou_pond_e, grunt_decor_clamped
D:2:      layout_loops_cross, serial_shops, nicolae_shop_advertising_works
          [nicolae_subvault_shop_adworks], eino_curves_03, uniq_robin,
          uniq_jessica
D:3:      layout_loops_ring, minmay_starry_boxes
D:4:      minmay_evil_eye, layout_basic, gammafunk_ghost_nasty_kobolds,
          nicolae_ossuary_entry_false_entrances, kennysheep_small_square,
          uniq_ijyb, uniq_grinder, uniq_edmund
Ossuary:  ossuary_tomb_2

Skill      XL: |  1  2  3  4  5 |
---------------+----------------+-----
Spellcasting   | 3 4 |  4.5
Conjurations   | 5 6 |  6.0
Dodging        | |  1.7
Stealth        | |  1.7

Action                     |  1- 3 |  4- 6 || total
---------------------------+-------+-------++-------
  Melee: Unarmed           |    40 |     4 ||    44
         Dagger            |       |    26 ||    26
         Headbutt          |       |     4 ||     4
   Cast: Magic Dart        |    69 |   152 ||   221
    Use: Potion            |     1 |     3 ||     4
         Scroll            |     3 |     3 ||     6
 Armour: Robe              |    17 |    18 ||    35
  Dodge: Dodged            |    34 |    43 ||    77

Table legend: (Time is in decaauts)
 A = Elapsed time spent in this place.
 B = Non-inter-level travel time spent in this place.
 C = Inter-level travel time spent in this place.
 D = Time resting spent in this place.
 E = Time spent auto-exploring this place.
 F = Levels seen in this place.
 G = Mean time per level.
                   A        B        C        D        E       F      G
               +--------+--------+--------+--------+--------+-----+--------+
         Total |   4136 |   3896 |    240 |      0 |   3258 |   5 |  827.2 |
       Dungeon |   3949 |   3709 |    240 |      0 |   3117 |   4 |  987.2 |
       Ossuary |    186 |    186 |      0 |      0 |    141 |   1 |  186.0 |
               +--------+--------+--------+--------+--------+-----+--------+

Top non-repeatable levels by time:
     D:2: 1482 daAuts
     D:1: 1147 daAuts
     D:3: 1060 daAuts
     D:4: 258 daAuts
 Ossuary: 186 daAuts
